General information
- name: grudge05
- type: Ladder 1vs1/FFA
- host: BEAR_AND
- saver: BEAR_AND
map: SantasStand
- players: 9
- length: 22:10
- speed: Fast
- version: 1.21 W3XP
- replay type:

» download(85 KB)
Players
team 1 (winner)

»
WWGT]Dagda (
blue | 128 APM | 2831 actions | 22:09)
5 Demon Hunter
3 Mana Burn
2 Evasion
5 Pandaren Brewmaster
3 Breath of Fire
2 Drunken Haze
» actions
| Assign group hotkey | 653 | |
| Basic commands | 90 | |
| Build / train | 88 | |
| ESC pressed | 3 | |
| Enter build submenu | 18 | |
| Enter hero's abilities submenu | 10 | |
| Give item / drop item | 5 | |
| Right click | 991 | |
| Select / deselect | 332 | |
| Select group hotkey | 494 | |
| Use ability | 147 | |
2831 total
» units
| Wisp | 23 | |
| Archer | 7 | |
| Dryad | 4 | |
| Druid of the Claw | 11 | |
45 total
» upgrades
| Druid of the Claw Training | 2 | |
| Abolish Magic | 1 | |
3 total
» buildings
| Altar of Elders | 1 | |
| Moon Well | 5 | |
| Ancient of War | 2 | |
| Tree of Ages | 6 | |
| Hunter's Hall | 1 | |
| Ancient of Wonders | 1 | |
| Ancient of Lore | 2 | |
| Tree of Eternity | 1 | |
| Tree of Life | 2 | |
| Ancient Protector | 1 | |
22 total
» build order
00:02 Altar of Elders
00:18 Moon Well
00:42 Ancient of War
01:32 Moon Well
02:26 Ancient of War
02:49 Moon Well
02:50 Moon Well
03:45 Tree of Ages
03:45 Tree of Ages
03:46 Tree of Ages
03:46 Tree of Ages
04:40 Hunter's Hall
05:46 Ancient of Wonders
06:21 Ancient of Lore
06:51 Ancient of Lore
07:14 Tree of Eternity
09:26 Tree of Life
11:04 Moon Well
12:04 Ancient Protector
17:45 Tree of Life
» items
| Boots of Speed | 1 | |
| Staff of Teleportation | 3 | |
| Orb of Venom | 2 | |
| Potion of Healing | 2 | |
| Potion of Lesser Invulnerability | 1 | |
| Scroll of Town Portal | 2 | |
| Potion of Mana | 2 | |
| Scroll of Healing | 1 | |
| Staff of Preservation | 1 | |
15 total
team 2 (loser)

»
WWGT]Huginn (
red | 98 APM | 2168 actions | 22:08)
4 Death Knight
2 Death Coil
2 Unholy Aura
4 Lich
2 Frost Nova
2 Dark Ritual
» actions
| Assign group hotkey | 112 | |
| Basic commands | 41 | |
| Build / train | 68 | |
| Enter build submenu | 14 | |
| Enter hero's abilities submenu | 8 | |
| Give item / drop item | 1 | |
| Remove unit from queue | 1 | |
| Right click | 1168 | |
| Select / deselect | 422 | |
| Select group hotkey | 268 | |
| Use ability | 65 | |
2168 total
» units
| Acolyte | 5 | |
| Ghoul | 11 | |
| Gargoyle | 12 | |
| Obsidian Statue | 4 | |
| Abomination | 9 | |
41 total
» upgrades
| Stone Form | 1 | |
| Disease Cloud | 1 | |
| Creature Attack | 1 | |
| Ghoul Frenzy | 1 | |
4 total
» buildings
| Crypt | 1 | |
| Ziggurat | 6 | |
| Altar of Darkness | 1 | |
| Tomb of Relics | 1 | |
| Halls of the Dead | 1 | |
| Nerubian Tower | 4 | |
| Graveyard | 1 | |
| Slaughterhouse | 2 | |
| Black Citadel | 1 | |
| Spirit Tower | 1 | |
19 total
» build order
00:06 Crypt
00:06 Ziggurat
00:37 Altar of Darkness
01:16 Tomb of Relics
01:22 Ziggurat
02:34 Halls of the Dead
03:13 Nerubian Tower
03:16 Nerubian Tower
03:16 Nerubian Tower
03:16 Nerubian Tower
03:56 Graveyard
04:09 Ziggurat
05:31 Slaughterhouse
07:02 Ziggurat
08:28 Black Citadel
10:43 Slaughterhouse
12:53 Spirit Tower
14:23 Ziggurat
15:21 Ziggurat
» items
| Rod of Necromancy | 1 | |
| Potion of Healing | 2 | |
| Scroll of Healing | 1 | |
| Potion of Mana | 1 | |
5 total
observersBEAR_AND,
Chopstix,
digitalJESUS,
WWGT]Fictious,
eViL_pEnGooN,
WWGT]ShakaZahn,
choochoo Chat log
(00:10 / Observers) WWGT]Fictious: Noob v noob.
(00:19 / Observers) digitalJESUS: will this be the third bad game in a row?
(00:20 / All) WWGT]Dagda: gl hf
(00:22 / Observers) WWGT]ShakaZahn: of course i draw fuckin nelf vs that faggot's towers
(00:23 / All) WWGT]Huginn: ww
(00:24 / All) WWGT]Dagda: i must safeguard the land....
(02:01 / Observers) digitalJESUS: lol
(02:21 / Observers) digitalJESUS: two packs at once
(02:31 / Observers) Chopstix: heoric
(02:32 / Observers) BEAR_AND: lost to creep?
(02:36 / Observers) BEAR_AND: *to aow?
(02:42 / Observers) BEAR_AND: oh
(02:43 / Observers) BEAR_AND: nope
(03:50 / Observers) Chopstix: boots of agi and he gets a set
(04:43 / Observers) digitalJESUS: lol
(04:45 / Observers) BEAR_AND: haha
(04:46 / Observers) WWGT]Fictious: ahaha
(07:15 / Observers) Chopstix: eh
(07:31 / Observers) WWGT]Fictious: players 0, creeps 1
(07:42 / Observers) Chopstix: sigh
(07:46 / Observers) Chopstix: mana burn statue
(08:21 / Observers) Chopstix: dead
(08:52 / Observers) WWGT]Fictious: Okay, I'm going to bed. BEAR_AND, tell Landazar that I'll be on tomorrow night. Peace.
(09:54 / Observers) Chopstix: one fast DH
(10:16 / Observers) Chopstix: nub
(10:19 / Observers) Chopstix: he fucking ran into that
(10:19 / Observers) Chopstix: wow
(12:04 / Observers) Chopstix: 3 wisps total getting wood for blue
(12:13 / Observers) BEAR_AND: this is gargoyle
(12:15 / Observers) digitalJESUS: christ
(12:18 / Observers) digitalJESUS: 35 wood
(12:50 / Observers) Chopstix: yay
(12:53 / Observers) Chopstix: aboms with gas
(13:10 / Observers) Chopstix: haha
(13:12 / Observers) digitalJESUS: big stinky giants
(13:13 / Observers) Chopstix: miss with bof?
(13:57 / Observers) digitalJESUS: that didnt go as well as blue planned
(14:11 / Observers) Chopstix: looks like he has 5 wisp on wood now?
(14:26 / Observers) BEAR_AND: yes
(14:52 / Observers) BEAR_AND: vent die?
(15:01 / Observers) BEAR_AND: did vent die
(15:14 / Observers) Chopstix: uprooted for some reason
(15:16 / Observers) WWGT]ShakaZahn: you lagged out
(15:35 / Observers) WWGT]ShakaZahn: bear and
(15:38 / Observers) WWGT]ShakaZahn: can you read dis
(15:47 / Observers) BEAR_AND: weird
(15:54 / Observers) WWGT]ShakaZahn: tell player to save game
(15:56 / Observers) WWGT]ShakaZahn: you might dro
(15:58 / Observers) BEAR_AND: huh
(15:58 / Observers) WWGT]ShakaZahn: p
(15:58 / Observers) BEAR_AND: really
(16:02 / Observers) WWGT]ShakaZahn: well
(16:04 / Observers) WWGT]ShakaZahn: disc from vent
(16:05 / Observers) WWGT]ShakaZahn: who know
(16:10 / Observers) BEAR_AND: i still have 14 ping
(17:10 / Observers) BEAR_AND: i'm on now
(17:16 / Observers) BEAR_AND: watiitng to switch channel till after fight
(17:19 / Observers) BEAR_AND: in case of lag
(22:05 / All) WWGT]Huginn: ohgodundead!
(22:06 / All) WWGT]Huginn: gg